 Dungeon Crawl Stone Soup version 0.27.1-3-gb3d3a73c9e (webtiles) character file.

Game seed: 16685958023450271465

15145 jfcaron the Fighter (level 11, -17/120 HPs)
             Began as a Troll Delver on Oct 15, 2021.
             Was an Elder of Makhleb.
             Hit by a javelin thrown by a minotaur (34 damage)
             ... in a Gauntlet.
             The game lasted 00:49:11 (11250 turns).

jfcaron the Fighter (Troll Delver)                 Turns: 11250, Time: 00:49:12

Health: -17/120    AC:  6    Str: 25    XL:     11   Next: 98%
Magic:  13/13      EV: 11    Int:  6    God:    Makhleb [****..]
Gold:   166        SH:  5    Dex: 11    Spells: 10/10 levels left

rFire    . . .     SeeInvis .     - Unarmed
rCold    + . .     Faith    .   (no shield)
rNeg     + . .     Spirit   .   a - +0 robe
rPois    .         Reflect  +   (helmet restricted)
rElec    .         Harm     .   p - +1 cloak
rCorr    .         Rampage  .   (gloves unavailable)
Will     .....     NoTele   +   (boots unavailable)
Stlth    ++........             O - amulet of reflection
HPRegen  1.30/turn              r - ring of positive energy
MPRegen  0.13/turn              k - ring of protection from cold

@: hasted and slowed
A: large, unfitting armour, claws 3, regeneration 1, shaggy fur 1, tough skin 1
a: Renounce Religion, Minor Destruction, Lesser Servant of Makhleb, Major
Destruction


You were in a Gauntlet.
You worshipped Makhleb.
Makhleb was greatly pleased with you.
You visited 1 branch of the dungeon, and saw 11 of its levels.
You also visited: Gauntlet.

You collected 692 gold pieces.
You spent 526 gold pieces at shops.

Inventory:

Hand Weapons
 x - the +5 war axe of the Wilderness {protect, rPois rN+ rCorr SInv}
   (You found it on level 4 of the Dungeon)

   It grants its wielder temporary protection when it strikes (+7 to AC).
   rPois:     It protects you from poison.
   rN:        It protects you from negative energy.
   SInv:      It lets you see invisible.
   rCorr:     It protects you from acid and corrosion.
 J - the +8 spear "Jiune" {vorpal, rPois}
   (You found it in a Gauntlet)

   It inflicts extra damage upon your enemies.
   rPois:     It protects you from poison.
Missiles
 e - 200 arrows
 h - 23 bolts
 j - 169 stones
 l - 40 sling bullets
 n - 57 poisoned darts
 v - 2 javelins (quivered)
 L - 7 boomerangs
Armour
 a - a +0 robe (worn)
 p - a +1 cloak (worn)
Jewellery
 k - a ring of protection from cold (right claw)
 r - a ring of positive energy (left claw)
 w - a ring of resist corrosion
 O - an amulet of reflection (around neck)
Wands
 f - a wand of digging (11)
 z - a wand of flame (37)
Scrolls
 b - 4 scrolls of fog
 d - 2 scrolls of fear
 g - 2 scrolls of amnesia
 m - 5 scrolls of teleportation
 t - a scroll of torment
 y - a scroll of vulnerability
 A - 4 scrolls of blinking
 E - 3 scrolls of enchant weapon
 G - 2 scrolls of immolation
 K - 4 scrolls of identify
 N - a scroll of summoning
Potions
 c - a potion of cancellation {unknown}
 i - 4 potions of curing
 o - a potion of berserk rage
 q - a potion of invisibility
 s - a potion of brilliance
 u - 4 potions of heal wounds
 B - a potion of lignification
 C - 2 potions of magic
 D - a potion of mutation
 F - a potion of attraction
 I - a potion of resistance
 M - a potion of haste


   Skills:
 - Level 11.0 Fighting
 + Level 8.8 Throwing
 - Level 5.0 Dodging
 - Level 2.7 Stealth
 - Level 10.0 Unarmed Combat
 - Level 5.0 Invocations


You had 10 spell levels left.
You didn't know any spells.
Your spell library contained the following spells:

 Spells                   Type           Power      Damage    Failure   Level
 Magic Dart               Conj           0%         1d3       45%         1
 Searing Ray              Conj           0%         3d3       58%         2
 Gell's Gravitas          Tloc           0%         N/A       83%         3
 Inner Flame              Hex/Fire       0%         N/A       83%         3
 Lesser Beckoning         Tloc           0%         N/A       83%         3
 Portal Projectile        Hex/Tloc       0%         N/A       83%         3
 Summon Guardian Golem    Hex/Summ       0%         N/A       83%         3
 Teleport Other           Tloc           0%         N/A       83%         3
 Tukima's Dance           Hex            0%         N/A       83%         3
 Cause Fear               Hex            0%         N/A       99%         4
 Fulminant Prism          Conj/Hex       0%         3d6       99%         4
 Passage of Golubria      Tloc           N/A        N/A       99%         4
 Blade Hands              Tmut           0%         N/A       100%        5
 Excruciating Wounds      Necr           0%         N/A       100%        5
 Yara's Violent Unravell  Hex/Tmut       0%         3d3       100%        5
 Dispersal                Tloc           0%         N/A       100%        6
 Dragon Form              Tmut           0%         N/A       100%        7
 Orb of Destruction       Conj           0%         N/A       100%        7
 Spellforged Servitor     Conj/Summ      0%         N/A       100%        7
 Discord                  Hex            0%         N/A       100%        8
 Dragon's Call            Summ           0%         N/A       100%        9


Dungeon Overview and Level Annotations

Branches:
Dungeon (11/15)            Temple (0/1) D:6            Lair (0/6) D:11
    Orc (0/2) D:11        Gauntlet (1/1)

Altars:
Cheibriados
Gozag
Kikubaaqudgha
Makhleb
Nemelex Xobeh
Qazlal
Trog
Wu Jian
Xom
Yredelemnul
Zin

Shops:
D:1 =(?   D:3 (!:?   D:7 =

Annotations:
Gauntlet 6 transporters, 1 runed translucent door, exclusion: ice statue


Innate Abilities, Weirdness & Mutations

You are too large for most types of armour.
You have claws for hands.
Your natural rate of healing is unusually fast.
You are covered in fur. (AC +1)
You have tough skin. (AC +1)


Message History

r - Retreat! s - Stop attacking. g - Guard the area. f - Follow me.
Anything else - Cancel.
Gang up on whom?
Press: ? - help, Dir - move target, f - death drake
Aim: a death drake (moderately wounded, fire blocked by a translucent stone wall)
Okay, then.
You enter the transporter and appear at another place.
A minotaur comes into view.
It is wielding the +8 demon trident "Rift" {distort, reach+}.
Unknown command.
You feel much better.
The orb spider changes into a rime drake!
What are your orders? t - Shout!
Orders for allies: a - Attack new target. r - Retreat! s - Stop attacking. g - Guard the area. f - Follow me.
Anything else - Cancel.
Gang up on whom?
Press: ? - help, Dir - move target, f - minotaur
Aim: a minotaur, wielding the +8 demon trident "Rift" {distort, reach+}, wearing a +0 plate armour and quivering javelins Attack!
The rime drake changes into a fire bat!
The minotaur hits your ynoxinul with the +8 demon trident "Rift" {distort, reach+}!!
Your ynoxinul dies!
Your ufetubus disappears in a puff of smoke! x2
Okay, then.
Unknown command.
You feel much better.
The minotaur hits you with the +8 demon trident "Rift" {distort, reach+}!!
Space warps horribly around you!
* * * LOW HITPOINT WARNING * * *
The minotaur gores you!
* * * LOW HITPOINT WARNING * * *
Blink to where?
Press: ? - help, Dir - move target, p - minotaur
As you read the scroll of blinking, it crumbles to dust.
You feel yourself speed up.
The minotaur throws a javelin.
The javelin pierces through you!!
You die...

...............#
.8.8.©.©.8.8.8.#
...............#
.##.##H##.##.###
# ##.# .# # ...
.. # .## #.#
###.##.##.##.#
#....@........
#.##.###'#.## #.
.. .## #. #


You could see a minotaur.

Vanquished Creatures
  4 two-headed ogres
  2 tengu warriors (D:10)
  A wizard (Gauntlet)
  A manticore (D:6)
  A centaur zombie (D:10)
  An unseen horror (D:10)
  A gargoyle (D:11)
  3 trolls
  2 large abominations (Gauntlet)
  Eustachio (D:6)
  2 steam dragons
  4 small abominations (Gauntlet)
  7 yaks (D:9)
  4 vampire mosquitoes
  A water moccasin (D:5)
  4 ice beasts
  2 sky beasts (D:7)
  A hornet zombie (D:8)
  2 black bears
  4 ogres
  A necrophage (D:7)
  A wolf (D:11)
  3 centaurs (D:9)
  4 phantoms
  6 bullfrogs
  3 kobold brigands
  A gnoll sergeant (D:10)
  4 scorpions
  A wyvern skeleton (D:7)
  A water moccasin skeleton (D:6)
  7 wights
  4 howler monkeys
  7 hounds
  A bullfrog skeleton (D:7)
  A gnoll shaman (D:7)
  4 orc priests
  2 centaur skeletons (D:6)
  5 jellies
  Jessica (D:2)
  Terence (D:2)
  4 iguanas
  Ijyb (D:5)
  8 orc wizards
  A hound skeleton (D:5)
  A howler monkey zombie (D:9)
  A howler monkey skeleton (D:4)
  5 adders
  7 gnolls
  3 shadow imps
  3 white imps
  An adder zombie (D:5)
  2 worms
  4 dart slugs
  23 orcs
  6 ball pythons
  4 bats
  4 endoplasms
  2 giant cockroaches
  10 goblins
  10 hobgoblins
  41 kobolds
  A quokka (D:1)
  5 frilled lizards
  6 rats
  A demonic plant (Gauntlet)
  16 plants (D:9)
276 creatures vanquished.

Notes
Turn   | Place    | Note
-------+----------+-------------------------------------------
     0 | D:5      | jfcaron the Troll Delver began the quest for the Orb.
     0 | D:5      | Reached XP level 1. HP: 22/22 MP: 0/0
    15 | D:5      | Noticed a phantom
    30 | D:6      | Noticed a phantom
    57 | D:5      | Noticed an ogre
    57 | D:5      | Noticed an ice beast
    58 | D:5      | Noticed an iguana
    68 | D:5      | Noticed Ijyb
    71 | D:5      | Noticed an ogre
    86 | D:4      | Found a stormy altar of Qazlal.
   201 | D:3      | Found Vilael's Book Boutique.
   269 | D:1      | Reached XP level 2. HP: 29/29 MP: 1/1
   458 | D:1      | Found a faded altar of an unknown god.
   461 | D:1      | Became a worshipper of Makhleb the Destroyer
   461 | D:1      | Reached * piety under Makhleb
   517 | D:1      | Reached XP level 3. HP: 36/36 MP: 2/2
   543 | D:1      | Found Pintigg's Magic Scroll Emporium.
   559 | D:1      | Bought a scroll of teleportation for 30 gold pieces
   841 | D:1      | Found Fueff's Antique Weapon Emporium.
  1085 | D:1      | Reached skill level 1 in Throwing
  1096 | D:1      | Found Zeafef's Jewellery Emporium.
  1213 | D:1      | Bought a scroll of identify for 20 gold pieces
  1370 | D:2      | Noticed Jessica
  1376 | D:2      | Killed Jessica
  1377 | D:2      | Reached XP level 4. HP: 43/44 MP: 3/3
  1437 | D:2      | Noticed Terence
  1461 | D:2      | Killed Terence
  1574 | D:2      | Reached ** piety under Makhleb
  2100 | D:3      | Found an opulent altar of Gozag.
  2100 | D:3      | Found an ancient bone altar of Kikubaaqudgha.
  2145 | D:3      | Reached XP level 5. HP: 50/50 MP: 4/4
  2284 | D:3      | Found Vunucegu's Distillery.
  2292 | D:3      | Bought a potion of curing for 39 gold pieces
  2586 | D:3      | Found Gouhi's Weapon Shoppe.
  2822 | D:3      | Found Udedwiuf's Magic Scroll Shop.
  2935 | D:4      | Found a sparkling altar of Nemelex Xobeh.
  2952 | D:4      | Killed a phantom
  2953 | D:4      | Reached skill level 5 in Unarmed Combat
  3045 | D:4      | Noticed a phantom
  3054 | D:4      | Killed a phantom
  3055 | D:4      | Reached XP level 6. HP: 50/59 MP: 5/5
  3220 | D:4      | Identified the +5 war axe of the Wilderness {protect, rPois
                  | rN+ rCorr SInv}
  3401 | D:5      | Reached XP level 7. HP: 66/66 MP: 6/6
  3439 | D:5      | Killed Ijyb
  3530 | D:5      | Reached skill level 5 in Throwing
  3769 | D:5      | Reached skill level 3 in Fighting
  3782 | D:5      | Found a large runed translucent door.
  3782 | D:5      | Found a large runed translucent door.
  3798 | D:5      | Reached XP level 8. HP: 66/78 MP: 7/7
  3848 | D:5      | Reached skill level 4 in Fighting
  3935 | D:3      | Bought a potion of heal wounds for 65 gold pieces
  3935 | D:3      | Bought a potion of lignification for 39 gold pieces
  3935 | D:3      | Bought a potion of degeneration for 13 gold pieces
  4218 | D:5      | Found a bloodstained altar of Trog.
  4260 | D:5      | Found a glowing silver altar of Zin.
  4514 | D:5      | Found a burning altar of Makhleb.
  4526 | D:5      | Found a basalt altar of Yredelemnul.
  4623 | D:6      | Reached *** piety under Makhleb
  4624 | D:6      | Reached skill level 5 in Fighting
  4712 | D:6      | Noticed a manticore
  4722 | D:6      | Killed a manticore
  4769 | D:6      | Reached skill level 5 in Dodging
  4769 | D:6      | Reached XP level 9. HP: 88/88 MP: 8/8
  4795 | D:5      | Reached skill level 1 in Invocations
  4804 | D:6      | Noticed Eustachio
  4817 | D:6      | Killed Eustachio
  5021 | D:6      | Found a staircase to the Ecumenical Temple.
  5279 | D:7      | Reached skill level 10 in Fighting
  5279 | D:7      | Reached XP level 10. HP: 111/111 MP: 11/11
  5701 | D:1      | Bought a scroll of blinking for 75 gold pieces
  5705 | D:1      | Bought a scroll of noise for 10 gold pieces
  5916 | D:7      | Found Lunyemow's Jewellery Emporium.
  6061 | D:7      | Reached **** piety under Makhleb
  6190 | D:7      | Found an ornate altar of the Wu Jian Council.
  6306 | D:7      | Found a snail-covered altar of Cheibriados.
  6663 | D:3      | Bought a scroll of enchant armour for 75 gold pieces
  6776 | D:7      | Reached skill level 5 in Invocations
  7081 | D:8      | Noticed a two-headed ogre
  7105 | D:8      | Killed a two-headed ogre
  7106 | D:8      | Reached skill level 11 in Fighting
  7484 | D:9      | Noticed a two-headed ogre
  7493 | D:9      | Killed a two-headed ogre
  7494 | D:9      | Reached XP level 11. HP: 94/120 MP: 13/13
  8008 | D:9      | Reached ***** piety under Makhleb
  8471 | D:9      | Noticed a two-headed ogre
  8483 | D:9      | Killed a two-headed ogre
  9207 | D:10     | Entered Level 10 of the Dungeon
  9351 | D:3      | Bought a potion of heal wounds for 65 gold pieces
  9389 | D:1      | Bought a scroll of summoning for 95 gold pieces
  9746 | D:10     | Noticed a two-headed ogre
  9751 | D:10     | Killed a two-headed ogre
 10546 | D:10     | Found a shimmering altar of Xom.
 10579 | D:10     | Noticed a tengu warrior
 10583 | D:10     | Noticed a tengu warrior
 10589 | D:10     | Killed a tengu warrior
 10603 | D:10     | Killed a tengu warrior
 10848 | D:11     | Reached skill level 10 in Unarmed Combat
 10874 | D:11     | Found a gate leading to a gauntlet.
 10883 | Gauntlet | Entered a Gauntlet
 10883 | Gauntlet | Noticed a catoblepas
 10883 | Gauntlet | Found a transporter.
 10883 | Gauntlet | Found a transporter.
 10886 | Gauntlet | Noticed a wizard
 10896 | Gauntlet | Found a transporter.
 10900 | Gauntlet | Found a transporter.
 10908 | Gauntlet | Found a transporter.
 10912 | Gauntlet | Found a transporter.
 10916 | Gauntlet | Noticed a lindwurm
 10916 | Gauntlet | an elephant changed into a lindwurm
 10917 | Gauntlet | a lindwurm changed into an eye of devastation
 10920 | Gauntlet | Found a transporter.
 10923 | Gauntlet | Noticed a harpy
 10923 | Gauntlet | Noticed a goliath frog
 10923 | Gauntlet | a dream sheep changed into a goliath frog
 10934 | Gauntlet | Found a runed translucent door.
 10935 | Gauntlet | Noticed a storm dragon
 10936 | Gauntlet | Found a transporter.
 10937 | Gauntlet | a harpy changed into a yaktaur
 10938 | Gauntlet | Found a runed translucent door.
 10939 | Gauntlet | Noticed a death drake
 10950 | Gauntlet | Found a transporter.
 10954 | Gauntlet | Found a transporter.
 10962 | Gauntlet | Found a transporter.
 10966 | Gauntlet | Found a transporter.
 10971 | Gauntlet | Noticed a large abomination
 11026 | Gauntlet | Killed a wizard
 11054 | Gauntlet | Identified the +8 spear "Jiune" {vorpal, rPois}
 11101 | Gauntlet | Killed a large abomination
 11126 | Gauntlet | Noticed an orb spider
 11132 | Gauntlet | an orb spider changed into a yak
 11148 | Gauntlet | Noticed an entropy weaver
 11148 | Gauntlet | Noticed a catoblepas
 11148 | Gauntlet | an entropy weaver changed into a catoblepas
 11150 | Gauntlet | Noticed a death yak
 11150 | Gauntlet | a catoblepas changed into a death yak
 11152 | Gauntlet | Noticed a minotaur
 11152 | Gauntlet | a death yak changed into a minotaur
 11152 | Gauntlet | Noticed a yellow draconian
 11152 | Gauntlet | a minotaur changed into a yellow draconian
 11153 | Gauntlet | Noticed a fenstrider witch
 11153 | Gauntlet | a yellow draconian changed into a fenstrider witch
 11154 | Gauntlet | Noticed an eleionoma
 11154 | Gauntlet | a fenstrider witch changed into an eleionoma
 11158 | Gauntlet | Noticed a quicksilver dragon
 11158 | Gauntlet | an eleionoma changed into a quicksilver dragon
 11160 | Gauntlet | Noticed a stone giant
 11160 | Gauntlet | a quicksilver dragon changed into a stone giant
 11160 | Gauntlet | Noticed a sphinx
 11160 | Gauntlet | a stone giant changed into a sphinx
 11183 | Gauntlet | Noticed a stone giant
 11185 | Gauntlet | Noticed a death yak
 11185 | Gauntlet | a stone giant changed into a death yak
 11191 | Gauntlet | Noticed an emperor scorpion
 11191 | Gauntlet | a death yak changed into an emperor scorpion
 11196 | Gauntlet | an emperor scorpion changed into something unseen
 11197 | Gauntlet | Noticed a sphinx
 11198 | Gauntlet | Noticed a frost giant
 11198 | Gauntlet | a sphinx changed into a frost giant
 11210 | Gauntlet | Noticed an azure jelly
 11212 | Gauntlet | Noticed a catoblepas
 11212 | Gauntlet | an azure jelly changed into a catoblepas
 11217 | Gauntlet | Noticed a stone giant
 11218 | Gauntlet | Noticed an orb spider
 11226 | Gauntlet | Noticed a titan
 11239 | Gauntlet | HP: 22/120 [death drake] (11)]
 11239 | Gauntlet | HP: 10/120 [poisoned by a death drake (dark miasma)]
 11242 | Gauntlet | Noticed a storm dragon
 11243 | Gauntlet | Noticed a minotaur
 11244 | Gauntlet | an orb spider changed into a rime drake
 11247 | Gauntlet | Noticed a dire elephant
 11248 | Gauntlet | HP: 24/120 [minotaur (17)]
 11250 | Gauntlet | Hit by a javelin thrown by a minotaur

Illustrated notes

Levels and vault maps discovered:
D:1:      erik_arrival_blinker_ship, layout_basic, serial_shops,
          nicolae_lakefront_shop, nicolae_shop_temple_entry_statues_fountains,
          nicolae_shop_behind_doors, hellmonk_ecumenical_altar_heavens_door
D:2:      minmay_chambers_of_ones, layout_loops_ring, minmay_pentomino_s2,
          uniq_terence, uniq_jessica
D:3:      layout_loops_corners, gammafunk_temple_overflow_wave, serial_shops,
          nicolae_shop_stone, nicolae_shop_trees, shop,
          nicolae_shop_temple_entry_statues_fountains, hangedman_decor_opposing,
          moated_statue
D:4:      layout_rooms, mainiacjoe_overflow_catwalk,
          mainiacjoe_overflow_alcove_1, palyth_stone_intersect
D:5:      layout_loops_ring, jmf_multi_god_temple2,
          mainiacjoe_overflow_two_lobes, minmay_misc_feat_encased,
          hangedman_decor_slide_cut, minmay_strange_pillars, st_stairs_9,
          uniq_ijyb
D:6:      layout_rooms, temple_statues, minmay_a_box_with_orc_wizards_in_it,
          uniq_eustachio
D:7:      hangedman_cross_stitches, layout_basic, kennysheep_slug_shrine,
          pdpol_wu_jian_five_deadly_venoms, serial_shops, nicolae_diamond_shop
D:8:      layout_rooms
D:9:      kennysheep_kobold_camp, layout_layer_cave,
          chequers_serial_rivers_micro_e
D:10:     layout_basic, dk_xom_monty_hall
D:11:     layout_roguey, erik_lair_island, david_orc_4, gauntlet_entry_generic,
          hex_large, uniq_maurice
Gauntlet: minmay_gauntlet_77_indecision [minmay_gauntlet_arena_77_mirror,
          minmay_gauntlet_arena_77_chump_sandwich, minmay_gauntlet_arena_77_fan,
          minmay_gauntlet_arena_77_two_paths, minmay_gauntlet_arena_77_p_blocks,
          minmay_gauntlet_arena_77_shame_cube, gauntlet_exit_green]

Skill      XL: |  1  2  3  4  5  6  7  8  9 10 11 |
---------------+----------------------------------+-----
Unarmed Combat | 3 4 5 7 10 | 10.0
Throwing       | 1 2 3 4 5 8 |  8.8
Fighting       | 3 5 10 11 | 11.0
Dodging        | 5 |  5.0
Invocations    | 2 5 |  5.0
Stealth        | |  2.7

Action                   |  1- 3 |  4- 6 |  7- 9 | 10-12 || total
-------------------------+-------+-------+-------+-------++-------
Melee: Unarmed           |   104 |    95 |    94 |   385 ||   678
       Punch             |     1 |     1 |     3 |    17 ||    22
       War axe           |       |       |       |     6 ||     6
Throw: Stone             |    77 |   127 |    29 |   260 ||   493
       Javelin           |       |     7 |    11 |     4 ||    22
       Dart              |       |     2 |    53 |    23 ||    78
       Boomerang         |       |       |       |    32 ||    32
       Throwing net      |       |       |       |     1 ||     1
Invok: Minor Destruction |       |     1 |     1 |    11 ||    13
       Lesser Servant of |       |       |       |    10 ||    10
Evoke: Wand              |       |       |       |     1 ||     1
  Use: Scroll            |     2 |     3 |     3 |    10 ||    18
       Potion            |     1 |       |     1 |     7 ||     9
 Stab: Sleeping          |     2 |       |       |     1 ||     3
       Distracted        |       |       |       |     1 ||     1
Armor: Robe              |    39 |     9 |    26 |    93 ||   167
Dodge: Dodged            |    37 |    27 |    27 |   147 ||   238
Block: Other             |       |       |       |    25 ||    25
       Reflection        |       |       |       |     1 ||     1
